cohdb
Replays
Latest Replays
All Replays
Popular Replays
Top Player Replays
Match Explorer
How It Works
Community
CoH3 Stats
Reddit
Sign in to upload your games and track your stats! →
Sign in with Steam
Match 43048768
Unlisted
Match 43048768
Overview
Messages
Build Orders
End
Royal Engineer Section
Construct Section Command Post
Selects Canadian Shock Battlegroup
Dingo Light Scout Car
Infantry Section
Infantry Section
Infantry Section
Selects Attacking Spirit
Construct Platoon Command Post
Selects Canadian Shock Section
Selects Incendiary Munitions
Construct Field Infirmary
Humber Armored Car
Infantry Section
Infantry Training
Selects Pyrotechnics
Royal Engineer Section
Construct Company Command Post
Crusader II Medium Tank
Foot Guards Section
Crusader II Medium Tank
Selects Smoke Operation
Grenade Package
Infantry Section
Crusader II Medium Tank
Selects Churchill Crocodile Heavy Tank
Crusader II Medium Tank
Smoke Operation
Crusader II Medium Tank
Smoke Operation
Crusader II Medium Tank
Foot Guards Section
Agua de Jamaica
Guanidine
0
0
Comments
sign in to comment!
No comments posted yet!